 Dungeon Crawl Stone Soup version 0.29.0-4-gdea44cf6ec (webtiles) character file.

Game seed: 9535925926120497658

126 qw the Ruffian (level 5, 0/42 HPs)
             Began as a Ghoul Fire Elementalist on Aug 30, 2022.
             Slain by a black bear (4 damage)
             ... on level 5 of the Dungeon.
             The game lasted 00:02:55 (3045 turns).

qw the Ruffian (Ghoul Fire Elementalist)            Turns: 3045, Time: 00:02:55

Health: 0/42       AC:  6    Str: 14    XL:     5   Next: 10%
Magic:  6/6        EV:  9    Int: 10    God:
Gold:   178        SH:  0    Dex:  9    Spells: 6/7 levels left

rFire   . . .      SeeInvis .     - Unarmed
rCold   + . .      Faith    .   (no shield)
rNeg    + + +      Spirit   .   k - +0 scale mail
rPois   inf        Reflect  .   (no helmet)
rElec   .          Harm     .   (no cloak)
rCorr   .          Rampage  .   (no gloves)
Will    .....                   (no boots)
Stlth   ..........              (no amulet)
HPRegen 0.00/turn               (no ring)
MPRegen 0.10/turn               (no ring)

@: inhibited regen
A: claws 1, cold resistance 1, negative energy resistance 3, inhibited
regeneration, torment resistance 2, devour on kill
a: no special abilities


You were on level 5 of the Dungeon.
You visited 1 branch of the dungeon, and saw 4 of its levels.

You collected 178 gold pieces.


Innate Abilities, Weirdness & Mutations

You are immune to poison.
You have sharp fingernails.
Your flesh is cold resistant. (rC+)
You are immune to negative energy. (rN+++)
You do not regenerate when monsters are visible.
You are immune to unholy pain and torment.
You thrive by killing the living.


   Skills:
 - Level 2.6 Fighting
 - Level 1.7 Dodging
 - Level 2.1 Stealth
 + Level 4.1 Unarmed Combat
 - Level 1.7 Spellcasting
 - Level 0.7 Conjurations
 - Level 2.4 Fire Magic


You had 6 spell levels left.
You knew the following spells:

 Your Spells              Type           Power      Damage    Failure   Level
a - Foxfire               Conj/Fire      16%        2x1d4     58%         1

Your spell library contained the following spells:

 Spells                   Type           Power      Damage    Failure   Level
 Scorch                   Fire           10%        2d6       63%         2
 Conjure Flame            Conj/Fire      4%         6-21      92%         3
 Inner Flame              Hex/Fire       3%         N/A       95%         3
 Flame Wave               Conj/Fire      4%         2d5       100%        4

Inventory:

Armour
 k - a +0 scale mail (worn)
Scrolls
 a - a scroll of teleportation
 b - a scroll of blinking {unknown}
 h - 2 scrolls of identify
Potions
 c - a potion of resistance {unknown}
 d - 2 potions of heal wounds
 e - a potion of cancellation {unknown}
 f - a potion of curing {unknown}
 g - a potion of haste
 i - a potion of mutation {unknown}
 l - a potion of degeneration {unknown}

Dungeon Overview and Level Annotations

Branches:
Dungeon (3/15)

Altars:

Shops:
D:2 :   D:3 :


Message History

You claw the black bear!
The black bear is heavily wounded.
You barely miss the black bear. Your claw misses the black bear.
The black bear is heavily wounded.
The black bear bites you. The black bear claws you.
The black bear claws you but does no damage.
You barely miss the black bear.
The black bear is heavily wounded.
The black bear bites you. The black bear barely misses you.
The black bear claws you.
You scratch the black bear.
The black bear is heavily wounded.
The black bear misses you.
The black bear claws you but does no damage. x2
You closely miss the black bear.
The black bear is heavily wounded.
The black bear bites you. The black bear claws you.
The black bear claws you but does no damage.
You scratch the black bear.
The black bear is severely wounded.
The black bear bites you. The black bear closely misses you.
The black bear claws you but does no damage.
You scratch the black bear.
The black bear is almost dead.
The black bear bites you but does no damage.
The black bear claws you. x2
You scratch the black bear.
The black bear is almost dead.
The black bear bites you. The black bear claws you. x2
You scratch the black bear.
The black bear is almost dead.
The black bear goes berserk!
You barely miss the black bear.
The black bear is almost dead.
The black bear completely misses you.
The black bear claws you but does no damage. x2
You scratch the black bear.
The black bear is almost dead.
The black bear bites you! The black bear claws you. x2
You die...

..#+ #### #... ..
...## #.. #<. ...#
#.. ...###..# #.#
........# #.#
#....#.###h###.###
#####......@.......
........###.###.##.
#####...###.#
######.......# .#
#...........## .#
#........##.# .#
#.......)##.## .#
######'####..#
.##.# #+# #.#
##.###....# #.#


You could see a black bear (berserk).

Vanquished Creatures
  A jelly (D:5)
  An adder (D:3)
  A white imp (D:5)
  2 worms (D:3)
  A dart slug (D:3)
  An orc (D:3)
  6 ball pythons
  9 endoplasms
  3 giant cockroaches
  9 goblins
  5 hobgoblins
  7 kobolds
  4 quokkas
  8 bats
  4 frilled lizards
  2 rats
64 creatures vanquished.

Notes
Turn   | Place    | Note
-------+----------+-------------------------------------------
     0 | D:1      | qw the Ghoul Fire Elementalist began the quest for the Orb.
     0 | D:1      | Reached XP level 1. HP: 14/14 MP: 2/2
     0 | D:1      | 0 ||| qw: Version: 0.1-a-90-g952f4b7
     0 | D:1      | 0 ||| qw: Game counter: 4343
     0 | D:1      | 0 ||| qw: Always use a shield: true
     0 | D:1      | 0 ||| qw: God list: Okawaru
     0 | D:1      | 0 ||| qw: Allow faded altars: false
     0 | D:1      | 0 ||| qw: Do Orc after D:15 true
     0 | D:1      | 0 ||| qw: Do second Lair branch before Depths: true
     0 | D:1      | 0 ||| qw: Lair rune preference: random
     0 | D:1      | 0 ||| qw: Plans: Normal
     0 | D:1      | 0 ||| PLANNING D:1-11
    32 | D:1      | 32 ||| Stepping ~*~*~tactically~*~*~ (stealth).
    56 | D:1      | Reached skill level 1 in Unarmed Combat
   208 | D:1      | Reached XP level 2. HP: 22/22 MP: 3/3
   240 | D:1      | 240 ||| Stepping ~*~*~tactically~*~*~ (outnumbered).
   241 | D:1      | 241 ||| Stepping ~*~*~tactically~*~*~ (outnumbered).
   242 | D:1      | 242 ||| Stepping ~*~*~tactically~*~*~ (outnumbered).
   243 | D:1      | 243 ||| Stepping ~*~*~tactically~*~*~ (outnumbered).
   246 | D:1      | 246 ||| Stepping ~*~*~tactically~*~*~ (outnumbered).
   248 | D:1      | Reached skill level 1 in Fighting
   490 | D:1      | 490 ||| Stepping ~*~*~tactically~*~*~ (outnumbered).
   493 | D:1      | 493 ||| Stepping ~*~*~tactically~*~*~ (outnumbered).
   497 | D:1      | Reached skill level 2 in Unarmed Combat
   502 | D:1      | HP: 4/23 [goblin/+0 dagger (2)]
   839 | D:1      | 839 ||| Stepping ~*~*~tactically~*~*~ (stealth).
   842 | D:1      | 842 ||| Stepping ~*~*~tactically~*~*~ (stealth).
   843 | D:1      | 843 ||| Stepping ~*~*~tactically~*~*~ (stealth).
  1051 | D:1      | 1051 ||| Stepping ~*~*~tactically~*~*~ (stealth).
  1053 | D:1      | 1053 ||| Stepping ~*~*~tactically~*~*~ (stealth).
  1060 | D:1      | Reached XP level 3. HP: 26/28 MP: 4/4
  1206 | D:1      | Found a faded altar of an unknown god.
  1508 | D:1      | 1508 ||| UPGRADING to +0 scale mail.
  1518 | D:1      | 1518 ||| DROPPING +0 robe.
  1519 | D:1      | 1519 ||| READING scroll labelled ZEKHONG CEDADO.
  1520 | D:1      | 1520 ||| READING scroll labelled SUKONT PAORUDD.
  1524 | D:1      | 1524 ||| READING scroll labelled MEDOAD KOPAS.
  1525 | D:1      | 1525 ||| DRINKING 2 sedimented amethyst potions.
  1526 | D:1      | 1526 ||| DRINKING 2 sedimented green potions.
  1527 | D:1      | 1527 ||| DROPPING potion of magic.
  1544 | D:2      | 1544 ||| STAIRDANCE
  1790 | D:2      | Reached skill level 3 in Unarmed Combat
  1887 | D:2      | 1887 ||| FLEEEEING.
  1888 | D:2      | 1888 ||| FLEEEEING.
  1899 | D:2      | 1899 ||| FLEEEEING.
  1900 | D:2      | 1900 ||| FLEEEEING.
  1901 | D:2      | 1901 ||| FLEEEEING.
  1902 | D:2      | 1902 ||| FLEEEEING.
  1909 | D:2      | 1909 ||| FLEEEEING.
  1910 | D:2      | 1910 ||| FLEEEEING.
  1911 | D:2      | 1911 ||| FLEEEEING.
  1912 | D:2      | 1912 ||| FLEEEEING.
  1913 | D:2      | 1913 ||| FLEEEEING.
  1919 | D:2      | 1919 ||| FLEEEEING.
  1920 | D:2      | 1920 ||| FLEEEEING.
  1921 | D:2      | 1921 ||| FLEEEEING.
  1924 | D:2      | 1924 ||| FLEEEEING.
  1925 | D:2      | 1925 ||| FLEEEEING.
  1926 | D:2      | 1926 ||| FLEEEEING.
  1927 | D:2      | 1927 ||| FLEEEEING.
  1928 | D:2      | 1928 ||| FLEEEEING.
  1937 | D:2      | 1937 ||| FLEEEEING.
  1938 | D:2      | 1938 ||| FLEEEEING.
  2117 | D:2      | 2117 ||| Stepping ~*~*~tactically~*~*~ (stealth).
  2280 | D:2      | 2280 ||| Stepping ~*~*~tactically~*~*~ (stealth).
  2307 | D:2      | Found Imu Olo's Book Shoppe.
  2374 | D:2      | 2374 ||| READING scroll labelled IKHALU PIWKIYNA.
  2375 | D:2      | 2375 ||| READING scroll labelled ATIRIMMA ABRE.
  2376 | D:2      | 2376 ||| READING scroll labelled MIUFOO EWKULIT.
  2377 | D:2      | 2377 ||| READING scroll labelled QERCHUTSO UGUANLYA.
  2378 | D:2      | 2378 ||| DRINKING 2 ruby potions.
  2379 | D:2      | 2379 ||| DROPPING potion of attraction.
  2423 | D:3      | Found Usemu's Book Emporium.
  2429 | D:3      | 2429 ||| Stepping ~*~*~tactically~*~*~ (stealth).
  2430 | D:3      | 2430 ||| Stepping ~*~*~tactically~*~*~ (stealth).
  2476 | D:3      | Reached XP level 4. HP: 34/35 MP: 5/5
  2516 | D:3      | 2516 ||| Stepping ~*~*~tactically~*~*~ (outnumbered).
  2517 | D:3      | 2517 ||| Stepping ~*~*~tactically~*~*~ (outnumbered).
  2519 | D:3      | 2519 ||| Stepping ~*~*~tactically~*~*~ (outnumbered).
  2521 | D:3      | 2521 ||| Stepping ~*~*~tactically~*~*~ (outnumbered).
  2522 | D:3      | 2522 ||| Stepping ~*~*~tactically~*~*~ (outnumbered).
  2524 | D:3      | 2524 ||| Stepping ~*~*~tactically~*~*~ (outnumbered).
  2526 | D:3      | 2526 ||| Stepping ~*~*~tactically~*~*~ (outnumbered).
  2528 | D:3      | 2528 ||| FLEEEEING.
  2635 | D:3      | 2635 ||| Stepping ~*~*~tactically~*~*~ (stealth).
  2637 | D:3      | 2637 ||| Stepping ~*~*~tactically~*~*~ (hiding).
  2647 | D:3      | Reached skill level 4 in Unarmed Combat
  2900 | D:3      | You fall into a shaft and drop 2 floors!
  2900 | D:5      | Entered Level 5 of the Dungeon
  2919 | D:5      | 2919 ||| PLANNING OSSUARY
  2938 | D:5      | Reached XP level 5. HP: 36/42 MP: 6/6
  3029 | D:5      | Noticed a black bear
  3045 | D:5      | HP: 5/42 [black bear (9)]
  3045 | D:5      | Slain by a black bear

Levels and vault maps discovered:
D:1:      dpeg_arrival_castle, layout_basic, basic_ecumenical_altar
D:2:      layout_loops_ring, serial_shops, nicolae_diamond_shop
D:3:      layout_rooms, dreamdust_divine_triumvirate, serial_shops,
          nicolae_shop_crystal, chequers_serial_rivers_room_a,
          saegor_snake_ambush
D:5:      layout_basic, lightli_ossuary_entry_decrepit_ruins

Skill      XL: |  1  2  3  4 |
---------------+-------------+-----
Unarmed Combat | 1 2 3 4 |  4.1
Fighting       | 1 2 |  2.6
Dodging        | |  1.7
Stealth        | |  2.1
Spellcasting   | |  1.7
Conjurations   | |  0.7
Fire Magic     | |  2.4

Action                   |  1- 3 |  4- 6 || total
-------------------------+-------+-------++-------
Melee: Unarmed           |   178 |    64 ||   242
       Punch             |     2 |     1 ||     3
  Use: Scroll            |     7 |       ||     7
       Potion            |     3 |       ||     3
Armor: Robe              |    13 |       ||    13
       Scale mail        |    42 |    26 ||    68
Dodge: Dodged            |    93 |    19 ||   112

Table legend:
 A = Non-vault XP
 B = Vault XP
 C = Vault XP percentage of total XP
 D = Non-vault monster count
 E = Vault monster count
 F = Vault count percentage of total count
                 A         B        C        D         E       F
            +---------+---------+-------+---------+---------+-------
      Total |     167 |      14 |   7.7 |      63 |       1 |   1.6
            +---------+---------+-------+---------+---------+-------
        D:1 |      44 |       0 |   0.0 |      25 |       0 |   0.0
        D:2 |      32 |       0 |   0.0 |      19 |       0 |   0.0
        D:3 |      38 |      14 |  26.9 |      17 |       1 |   5.6
        D:5 |      53 |       0 |   0.0 |       2 |       0 |   0.0
            +---------+---------+-------+---------+---------+-------
